 Dungeon Crawl Stone Soup version 0.26-a0-651-gb41185065b (webtiles) character file.

Game seed: 11561916126790893217

48 Ozzies the Skirmisher (level 3, 0/39 HPs)
             Began as a Troll Monk on Oct 3, 2020.
             Slain by Sigmund
             ... wielding a +2 vampiric scythe
              (6 damage)
             ... on level 2 of the Dungeon.
             The game lasted 00:01:32 (790 turns).

Ozzies the Skirmisher (Troll Monk)                   Turns: 790, Time: 00:01:32

Health: 0/39       AC:  6    Str: 20    XL:     3   Next: 50%
Magic:  2/2        EV: 10    Int:  6    God:
Gold:   108        SH:  0    Dex: 12    Spells: 2/2 levels left

rFire    . . .     SeeInvis .     - Unarmed
rCold    + . .     Faith    .   (no shield)
rNeg     . . .     Spirit   .   a - +0 robe
rPois    .         Reflect  .   (helmet restricted)
rElec    .         Harm     .   (no cloak)
rCorr    .         Rampage  .   (gloves unavailable)
MR       .....                  (boots unavailable)
Stlth    ++........             (no amulet)
HPRegen  0.53/turn              c - ring of protection from cold
MPRegen  0.08/turn              (no ring)

@: no status effects
A: large, unfitting armour, claws 3, regeneration 1, shaggy fur 1, tough skin 3
a: no special abilities


You were on level 2 of the Dungeon.
You visited 1 branch of the dungeon, and saw 2 of its levels.

You collected 108 gold pieces.

Inventory:

Missiles
 f - 31 stones (quivered)
 k - 4 large rocks
Armour
 a - a +0 robe (worn)
Jewellery
 c - a ring of protection from cold (left claw)
Scrolls
 b - a scroll of magic mapping {unknown}
 d - 2 scrolls of enchant armour {unknown}
 g - 2 scrolls of teleportation {unknown}
 j - a scroll of immolation {unknown}
Potions
 e - a potion of curing {unknown}
 h - 3 potions of might {unknown}
 i - a potion of brilliance {unknown}
 l - a potion of flight {unknown}


   Skills:
 + Level 3.7 Fighting
 - Level 2.4 Dodging
 - Level 1.0 Stealth
 - Level 3.0 Unarmed Combat


You had 2 spell levels left.
You didn't know any spells.
Your spell library was empty.

Dungeon Overview and Level Annotations

Branches:
Dungeon (2/15)

Altars:
Uskayaw

Annotations:
D:2 Sigmund


Innate Abilities, Weirdness & Mutations

You are too large for most types of armour.
You have claws for hands.
Your natural rate of healing is unusually fast.
You are covered in fur. (AC +1)
You have extremely tough skin. (AC +3)


Message History

You scratch the rat.
You kill the rat!
Throwing (i - inventory. (/) - cycle)
f - 32 stones (quivered)
Press: ? - help, Shift-Dir - straight line, f - giant cockroach
Aim: a giant cockroach You throw a stone.
Something hits you!
A puff of flame appears from out of thin air!
The puff of flame hits you but does no damage.
Something hits you.
You barely miss something. Something hits you!
Something hits you but does no damage.
You swing at nothing.
Something hits you.
You swing at nothing.
You hear some strange, mumbled words.
A puff of flame appears from out of thin air!
The puff of flame hits you.
You swing at nothing.
Something hits you!
* * * LOW HITPOINT WARNING * * *
You swing at nothing.
Something hits you.
You die...

() ### (#. #.> ...
#.#..# #.#..# ###
>.(. #..###{#
#.#.#..# . #.##@#.#
.. #.####.# ... #.#
#.# .... #[# #.#
.....##.####.#####
.................##
..####.########..#
#..# ##.###### ##.#
###......#


There were no monsters in sight!

Vanquished Creatures
  An adder (D:2)
  An ooze (D:1)
  A leopard gecko (D:1)
  8 bats
  5 hobgoblins (D:1)
  6 jackals
  3 frilled lizards
  2 goblins (D:1)
  2 kobolds
  6 rats
35 creatures vanquished.

Notes
Turn   | Place    | Note
-------+----------+-------------------------------------------
     0 | D:1      | Ozzies the Troll Monk began the quest for the Orb.
     0 | D:1      | Reached XP level 1. HP: 22/22 MP: 0/0
    57 | D:1      | Reached XP level 2. HP: 21/29 MP: 1/1
   402 | D:1      | Reached XP level 3. HP: 34/37 MP: 2/2
   639 | D:2      | Found a hide-covered altar of Uskayaw.
   776 | D:2      | Noticed Sigmund
   790 | D:2      | Slain by Sigmund

Illustrated notes

Levels and vault maps discovered:
D:1:      dpeg_arrival_boxes_within_box, layout_rooms, minmay_cut_off
D:2:      layout_loops_ring, eat_drink_and_be_merry_uskayaw,
          grunt_qazlal_clouds, uniq_sigmund

Skill      XL: |  1  2 |
---------------+-------+-----
Fighting       | 3 |  3.7
Dodging        | |  2.4
Stealth        | |  1.0
Unarmed Combat | |  3.0

Action                   || total
-------------------------++-------
Melee: Unarmed           ||    80
Throw: Stone             ||    22
 Stab: Sleeping          ||     3
Armor: Robe              ||    35
Dodge: Dodged            ||    52

Table legend: (Time is in decaauts)
 A = Elapsed time spent in this place.
 B = Non-inter-level travel time spent in this place.
 C = Inter-level travel time spent in this place.
 D = Time resting spent in this place.
 E = Time spent auto-exploring this place.
 F = Levels seen in this place.
 G = Mean time per level.
                   A        B        C        D        E       F      G
               +--------+--------+--------+--------+--------+-----+--------+
         Total |    786 |    762 |     24 |      0 |    573 |   2 |  393.0 |
       Dungeon |    786 |    762 |     24 |      0 |    573 |   2 |  393.0 |
               +--------+--------+--------+--------+--------+-----+--------+

Top non-repeatable levels by time:
     D:1: 601 daAuts
     D:2: 184 daAuts
